 Dungeon Crawl Stone Soup version 0.30-a0-618-gd6c86c23d0 (webtiles) character file.

Game seed: 15586111014081422836

111 voltaire321 the Shooter (level 5, -3/30 HPs)
             Began as a Kobold Hexslinger on Jan 9, 2023.
             Slain by a scorpion (5 damage)
             ... on level 4 of the Dungeon.
             The game lasted 00:11:32 (2789 turns).

voltaire321 the Shooter (Kobold Hexslinger)         Turns: 2789, Time: 00:11:33

Health: -3/30      AC:  4    Str:  7    XL:     5   Next: 15%
Magic:  8/8        EV: 15    Int: 16    God:
Gold:   198        SH:  0    Dex: 16    Spells: 3/8 levels left

rFire   . . .      SeeInvis .    a - +1 sling
rCold   . . .      Faith    .    (no shield)
rNeg    . . .      Spirit   .    c - +0 robe
rPois   .          Reflect  .    u - +0 helmet
rElec   .          Harm     .    (no cloak)
rCorr   +          Rampage  .    (no gloves)
Will    .....                    t - +0 pair of boots
Stlth   +++                      o - amulet of magic regeneration
HPRegen 0.25/turn                r - ring of resist corrosion
MPRegen 0.51/turn                v - ring of wizardry

@: lethally poisoned (-3 -> -4)
A: small, no large weapons, nightstalker 3
a: no special abilities


You were on level 4 of the Dungeon.
You visited 1 branch of the dungeon, and saw 4 of its levels.

You collected 198 gold pieces.

Inventory:

Hand Weapons
 a - a +1 sling (weapon)
 g - a +0 dagger
 s - a +3 dagger of speed
Armour
 c - a +0 robe (worn)
 t - a +0 pair of boots (worn)
 u - a +0 helmet (worn)
Magical Staves
 d - a staff of conjuration
Jewellery
 o - an amulet of magic regeneration (around neck)
 r - a ring of resist corrosion (left hand)
 v - a ring of wizardry (right hand)
Scrolls
 b - a scroll of poison
 e - a scroll of identify
 h - a scroll of immolation {unknown}
 k - a scroll of teleportation {unknown}
 l - a scroll of fog {unknown}
 m - 2 scrolls of amnesia {unknown}
 q - a scroll of enchant armour {unknown}
Potions
 f - 2 potions of curing
 i - a potion of heal wounds
 j - 2 potions of brilliance
 n - a potion of mutation
 p - a potion of haste
 w - a potion of flight {unknown}


   Skills:
 + Level 2.3 Fighting
 + Level 3.7 Ranged Weapons
 + Level 3.4 Dodging
 + Level 0.4 Stealth
 + Level 2.1 Spellcasting
 + Level 3.5 Hexes


You had 3 spell levels left.
You knew the following spells:

 Your Spells              Type           Power      Damage    Failure   Level
a - Slow                  Hex            52%        N/A       1%          1
b - Cause Fear            Hex            6%         N/A       19%         4

Your spell library contained the following spells:

 Spells                   Type           Power      Damage    Failure   Level
 Sting                    Tmut/Pois      4%         1d3       9%          1
 Inner Flame              Hex/Fire       7%         N/A       12%         3
 Portal Projectile        Hex/Tloc       14%        N/A       12%         3
 Discord                  Hex            6%         N/A       100%        8


Dungeon Overview and Level Annotations

Branches:
Dungeon (4/15)
 Temple: D:4-7

Altars:
Okawaru
Xom


Innate Abilities, Weirdness & Mutations

You are small and have problems with some larger weapons.
You are completely attuned to the shadows.


Message History

You shoot a sling bullet.
The sling bullet barely misses the scorpion.
You feel very sick.
The scorpion stings you but does no damage.
The scorpion misses you.
Fire: a) +1 sling
Press: ? - help, Q - select action, (/) - cycle Shift-Dir - straight line, f/p - scorpion
Aim: a scorpion (lightly wounded, 60% to hit)
You shoot a sling bullet.
The sling bullet closely misses the scorpion.
You feel sick. The scorpion misses you.
Fire: a) +1 sling
Press: ? - help, Q - select action, (/) - cycle Shift-Dir - straight line, f/p - scorpion
Aim: a scorpion (lightly wounded, 60% to hit)
You shoot a sling bullet. The sling bullet hits the scorpion.
The scorpion is lightly wounded.
You feel sick. The scorpion barely misses you. x2
Fire: a) +1 sling
Press: ? - help, Q - select action, (/) - cycle Shift-Dir - straight line, f/p - scorpion
Aim: a scorpion (lightly wounded, 60% to hit)
You shoot a sling bullet.
The sling bullet closely misses the scorpion.
You feel sick. The scorpion closely misses you.
Fire: a) +1 sling
Press: ? - help, Q - select action, (/) - cycle Shift-Dir - straight line, f/p - scorpion
Aim: a scorpion (lightly wounded, 60% to hit)
You shoot a sling bullet.
The sling bullet hits the scorpion but does no damage.
The scorpion is lightly wounded.
You feel sick. The scorpion stings you.
* * * LOW HITPOINT WARNING * * *
The scorpion misses you.
Fire: a) +1 sling
Press: ? - help, Q - select action, (/) - cycle Shift-Dir - straight line, f/p - scorpion
Aim: a scorpion (lightly wounded, 60% to hit)
You shoot a sling bullet. The sling bullet hits the scorpion.
The scorpion is heavily wounded.
* * * LOW HITPOINT WARNING * * *
You feel sick. The scorpion stings you.
You die...

.......#
......#
#.....#
##.....(
#.s@..#
#.#...#
#. ##.##
. .# .#


You could see a scorpion.

Vanquished Creatures
  Robin (D:3)
  3 adders (D:3)
  A dart slug (D:2)
  6 ball pythons
  5 bats
  11 endoplasms
  2 giant cockroaches (D:2)
  12 hobgoblins
  3 quokkas
  5 goblins
  6 kobolds
  8 rats
63 creatures vanquished.

Vanquished Creatures (others)
  6 plants (D:1)
6 creatures vanquished.

Grand Total: 69 creatures vanquished

Notes
Turn   | Place    | Note
-------+----------+-------------------------------------------
     0 | D:1      | voltaire321 the Kobold Hexslinger began the quest for the
                  | Orb.
     0 | D:1      | Reached XP level 1. HP: 12/12 MP: 2/2
   227 | D:1      | Reached XP level 2. HP: 16/16 MP: 3/3
   484 | D:1      | Found a faded altar of an unknown god.
   493 | D:1      | Got Plato's Meditations on Poison and Transfiguration
   567 | D:1      | Reached XP level 3. HP: 20/20 MP: 5/5
  1515 | D:2      | Reached XP level 4. HP: 26/26 MP: 6/6
  2144 | D:3      | Noticed Robin
  2156 | D:3      | Killed Robin
  2321 | D:3      | Found an iron altar of Okawaru.
  2341 | D:3      | Learned a level 4 spell: Cause Fear
  2415 | D:3      | Reached XP level 5. HP: 30/30 MP: 8/8
  2594 | D:3      | Found a shimmering altar of Xom.
  2789 | D:4      | Slain by a scorpion

Illustrated notes

Levels and vault maps discovered:
D:1:      zaba_arrival_water, layout_loops_ring,
          shapermc_ecumenical_altar_rom_forum, minmay_misc_feat_room,
          minmay_door_square, serial_bayou_lake_a
D:2:      layout_loops_ring, minmay_tetromino_t4
D:3:      layout_basic, mainiacjoe_overflow_tiny_flanked,
          mainiacjoe_overflow_concentric_impassable, uniq_robin
D:4:      minmay_chambers_of_fours, layout_layer_cave,
          mainiacjoe_overflow_24_doors, minmay_temple_entry_grid, uniq_duvessa,
          uniq_blork_the_orc, uniq_natasha, uniq_eustachio

Skill      XL: |  1  2  3  4 |
---------------+-------------+-----
Ranged Weapons | 3 |  3.7
Dodging        | 3 |  3.4
Fighting       | 2 |  2.3
Spellcasting   | 2 |  2.1
Stealth        | |  0.4
Hexes          | |  3.5

Action                   |  1- 3 |  4- 6 || total
-------------------------+-------+-------++-------
 Fire: Sling             |   105 |   102 ||   207
 Cast: Slow              |     4 |       ||     4
  Use: Scroll            |       |     5 ||     5
Armor: Robe              |    11 |    11 ||    22
Dodge: Dodged            |    37 |    63 ||   100

Table legend: (Time is in decaauts)
 A = Elapsed time spent in this place.
 B = Non-inter-level travel time spent in this place.
 C = Inter-level travel time spent in this place.
 D = Time resting spent in this place.
 E = Time spent auto-exploring this place.
 F = Levels seen in this place.
 G = Mean time per level.
                   A        B        C        D        E       F      G
               +--------+--------+--------+--------+--------+-----+--------+
         Total |   2898 |   2756 |    142 |     76 |   2142 |   4 |  724.5 |
       Dungeon |   2898 |   2756 |    142 |     76 |   2142 |   4 |  724.5 |
               +--------+--------+--------+--------+--------+-----+--------+

Top non-repeatable levels by time:
     D:1: 1130 daAuts
     D:3: 897 daAuts
     D:2: 850 daAuts
     D:4: 20 daAuts
